 Dungeon Crawl Stone Soup version 0.26.1-11-gd32895ea62 (webtiles) character file.

Game seed: 11541484387868783500

533 punasiirtyma the Skirmisher (level 7, 0/61 HPs)
             Began as a Minotaur Berserker on May 9, 2021.
             Was a Priest of Trog.
             Slain by a gnoll
             ... wielding a +0 spear
              (5 damage)
             ... on level 5 of the Dungeon.
             The game lasted 00:44:20 (5945 turns).

punasiirtyma the Skirmisher (Minotaur Berserker)    Turns: 5945, Time: 00:44:20

Health: 0/61       AC:  8    Str: 24    XL:     7   Next: 4%
Magic:  6/6        EV: 10    Int:  4    God:    Trog [***...]
Gold:   192        SH:  3    Dex:  9    Spells: 6/6 levels left

rFire    . . .     SeeInvis .   x - +0 mace (vorpal)
rCold    . . .     Faith    .   b - +0 buckler
rNeg     . . .     Spirit   .   t - +0 scale mail
rPois    .         Reflect  .   (helmet restricted)
rElec    .         Harm     .   (no cloak)
rCorr    .         Rampage  .   l - +0 pair of gloves
Will     .....                  (no boots)
Stlth    ..........             (no amulet)
HPRegen  0.20/turn              (no ring)
MPRegen  0.10/turn              (no ring)

@: no status effects
A: retaliatory headbutt, horns 2
a: Renounce Religion, Berserk, Trog's Hand


You were on level 5 of the Dungeon.
You worshipped Trog.
Trog was most pleased with you.
You visited 1 branch of the dungeon, and saw 5 of its levels.

You collected 192 gold pieces.

Inventory:

Hand Weapons
 a - a +0 falchion
 v - a -2 morningstar
 x - a +0 vorpal mace (weapon)
 y - a +2 vampiric short sword
Missiles
 j - 42 poisoned darts (quivered)
Armour
 b - a +0 buckler (worn)
 k - a +0 ring mail
 l - a +0 pair of gloves (worn)
 t - a +0 scale mail (worn)
Wands
 d - a wand of paralysis (8)
 n - a wand of enslavement (7)
Scrolls
 c - a scroll of teleportation
 e - 2 scrolls of identify
 f - 2 scrolls of enchant weapon {unknown}
 m - a scroll of noise
 p - a scroll of immolation
 u - a scroll of fear
 w - a scroll of enchant armour
Potions
 g - a potion of attraction {unknown}
 h - a potion of lignification {unknown}
 i - 2 potions of curing {unknown}
 o - 2 potions of ambrosia {unknown}
 q - a potion of cancellation {unknown}
 r - a potion of degeneration {unknown}
 s - 2 potions of brilliance {unknown}


   Skills:
 + Level 5.4 Fighting
 + Level 5.3 Long Blades
 + Level 3.7 Maces & Flails
 + Level 1.0 Throwing
 + Level 4.4 Armour
 + Level 3.4 Dodging
 + Level 1.2 Stealth
 + Level 0.6 Shields


You had 6 spell levels left.
You didn't know any spells.
Your spell library was empty.

Dungeon Overview and Level Annotations

Branches:
Dungeon (5/15)
 Temple: D:4-7

Altars:
Dithmenos
Nemelex Xobeh
Trog
The Shining One


Innate Abilities, Weirdness & Mutations

You reflexively headbutt those who attack you in melee.
You have a pair of horns on your head.


Message History

The gnoll hits you from afar with a +0 spear.
You block the gnoll's attack.
The gnoll hits you from afar with a +0 halberd!
The gnoll misses you. The gnoll hits you but does no damage.
The gnoll hits you from afar with a +0 halberd.
* * * LOW HITPOINT WARNING * * *
The gnoll barely misses you.
The gnoll hits you from afar with a +0 halberd.
* * * LOW HITPOINT WARNING * * *
You block the gnoll's attack.
A gnoll comes into view. It is wielding a +0 spear.
The gnoll barely misses you. The gnoll hits you but does no damage.
The gnoll hits you from afar with a +0 halberd!
* * * LOW HITPOINT WARNING * * *
The gnoll hits you from afar with a +0 spear.
* * * LOW HITPOINT WARNING * * *
The gnoll closely misses you. The gnoll misses you.
The gnoll hits you from afar with a +0 spear.
You die...

.. #. #.....## ...
##.###...<..#.
...##.....[........#
#.#.#..###(.....#..#
#...#.).(....(## .#
#.#.#g###.####
#..gg# #.# #.#.#.#
#.# #...#.@# #..
#.#.#.### ## ...#..
#.#.# .#.. #.# ..


You could see 3 gnolls.

Vanquished Creatures
  An ogre (D:5)
  A centaur (D:5)
  2 howler monkeys (D:4)
  An orc priest (D:4)
  Crazy Yiuf (D:3)
  An iguana (D:4)
  A worker ant (D:4)
  A gnoll (D:1)
  8 adders
  3 oozes
  A worm (D:2)
  2 dart slugs
  5 leopard geckos
  6 orcs
  2 giant cockroaches (D:1)
  7 goblins
  8 hobgoblins
  6 jackals
  A ball python (D:1)
  5 bats
  A frilled lizard (D:1)
  15 kobolds
  12 rats
91 creatures vanquished.

Vanquished Creatures (others)
  2 fungi (D:3)
  8 plants (D:4)
10 creatures vanquished.

Grand Total: 101 creatures vanquished

Notes
Turn   | Place    | Note
-------+----------+-------------------------------------------
     0 | D:1      | punasiirtyma the Minotaur Berserker began the quest for the
                  | Orb.
     0 | D:1      | Reached XP level 1. HP: 19/19 MP: 0/0
   227 | D:1      | Reached XP level 2. HP: 23/27 MP: 1/1
   570 | D:1      | Reached XP level 3. HP: 33/33 MP: 2/2
   785 | D:1      | Reached ** piety under Trog
  1896 | D:2      | Noticed a moth of wrath
  1899 | D:2      | Found a bloodstained altar of Trog.
  2307 | D:2      | Reached XP level 4. HP: 36/41 MP: 3/3
  2587 | D:2      | Found a shadowy altar of Dithmenos.
  2703 | D:2      | Reached skill level 5 in Long Blades
  2778 | D:2      | Found a sparkling altar of Nemelex Xobeh.
  3316 | D:3      | Reached XP level 5. HP: 42/47 MP: 4/4
  3527 | D:3      | Found a runed translucent door.
  3528 | D:3      | Noticed Crazy Yiuf
  3536 | D:3      | Killed Crazy Yiuf
  4447 | D:3      | Reached *** piety under Trog
  4590 | D:3      | Reached skill level 1 in Stealth
  4683 | D:4      | Reached skill level 1 in Maces & Flails
  4798 | D:4      | Reached XP level 6. HP: 52/55 MP: 5/5
  4915 | D:4      | Reached skill level 5 in Fighting
  5406 | D:4      | Found a glowing golden altar of the Shining One.
  5816 | D:5      | Entered Level 5 of the Dungeon
  5833 | D:5      | Reached skill level 1 in Throwing
  5833 | D:5      | Reached XP level 7. HP: 17/61 MP: 6/6
  5945 | D:5      | Slain by a gnoll

Illustrated notes

Levels and vault maps discovered:
D:1:      dpeg_arrival_rhombi, layout_basic
D:2:      minmay_general_purpose_star, layout_basic,
          nemelex_xobeh_ov_fountains_minmay, tgw_trog,
          nicolae_dithmenos_through_a_glass_darkly
D:3:      layout_basic, uniq_crazy_yiuf_cottage
D:4:      layout_basic, tso_metal_star, serial_bayou_ford_a, serial_park_tiny_1
D:5:      layout_loops_ring, gammafunk_temple_overflow_wave,
          kennysheep_crisscross, serial_park_tiny_2, minmay_strange_pillars,
          chequers_serial_rivers_micro_a, evilmike_ruin_ashenzari

Skill      XL: |  1  2  3  4  5  6 |
---------------+-------------------+-----
Long Blades    | 4 5 |  5.3
Fighting       | 4 5 |  5.4
Dodging        | 3 |  3.4
Armour         | 3 4 |  4.4
Stealth        | 1 |  1.2
Maces & Flails | 1 3 |  3.7
Throwing       | 1 |  1.0
Shields        | |  0.6

Action                   |  1- 3 |  4- 6 |  7- 9 || total
-------------------------+-------+-------+-------++-------
Melee: Falchion          |    68 |    28 |       ||    96
       Headbutt          |    12 |    29 |       ||    41
       Morningstar       |       |    25 |       ||    25
       Mace              |       |    97 |       ||    97
Throw: Dart              |     6 |    10 |       ||    16
Invok: Berserk           |     2 |       |       ||     2
  Use: Scroll            |       |     7 |       ||     7
 Stab: Sleeping          |     1 |       |       ||     1
Armor: Animal skin       |    17 |       |       ||    17
       Scale mail        |       |    64 |     2 ||    66
Dodge: Dodged            |    46 |    90 |     5 ||   141
Block: Buckler           |       |    10 |     2 ||    12
       Rpst.: Falchion   |    14 |     7 |       ||    21
